 Dungeon Crawl Stone Soup version 0.30-a0-964-gd452b5e7fa (webtiles) character file.

Game seed: 11960419836294783730

196 vishdafish the Conjurer (level 5, 35/35 HPs)
             Began as a Demonspawn Conjurer on Mar 30, 2023.
             Quit the game on level 2 of the Dungeon.
             The game lasted 00:02:55 (1748 turns).

vishdafish the Conjurer (Demonspawn Conjurer)       Turns: 1748, Time: 00:02:56

Health: 35/35      AC:  5    Str:  7    XL:     5   Next: 46%
Magic:  3/11       EV: 12    Int: 22    God:
Gold:   89         SH:  4    Dex: 11    Spells: 11/12 levels left

rFire   + . .      SeeInvis .    e - +2 dagger (drain)
rCold   + . .      Faith    .    (no shield)
rNeg    + . .      Spirit   .    a - +0 robe
rPois   .          Reflect  .    (no helmet)
rElec   .          Rampage  .    i - scarf {rC+ rF+}
rCorr   .                        g - +0 pair of gloves
Will    .....                    (no boots)
Stlth   ++                       (no amulet)
HPRegen 0.25/turn                f - ring of positive energy
MPRegen 0.12/turn                (no ring)

@: no status effects
A: hooves 1, yellow scales 1, condensation shield
a: no special abilities


You were on level 2 of the Dungeon.
You visited 1 branch of the dungeon, and saw 2 of its levels.

You collected 89 gold pieces.

Inventory:

Hand Weapons
 d - a +0 spear
 e - a +2 dagger of draining (weapon)
Missiles
 k - 6 poisoned darts
Armour
 a - a +0 robe (worn)
 g - a +0 pair of gloves (worn)
 i - a scarf of resistance (worn)
 m - +0 pearl dragon scales
Jewellery
 f - a ring of positive energy (left hand)
Scrolls
 b - a scroll of poison {unknown}
 c - a scroll of torment {unknown}
 j - a scroll of magic mapping {unknown}
 l - a scroll of teleportation {unknown}
 n - a scroll of identify {unknown}
Potions
 h - a potion of cancellation {unknown}


   Skills:
 - Level 1.7 Dodging
 - Level 1.7 Stealth
 + Level 4.0 Spellcasting
 + Level 5.5 Conjurations


You had 11 spell levels left.
You knew the following spells:

 Your Spells              Type           Power      Damage    Failure   Level
a - Magic Dart            Conj           100%       1d8       1%          1

Your spell library contained the following spells:

 Spells                   Type           Power      Damage    Failure   Level
 Searing Ray              Conj           56%        2d6       1%          2
 Dazzling Flash           Conj/Hex       32%        N/A       11%         3
 Mephitic Cloud           Conj/Pois/Air  12%        N/A       16%         3
 Call Imp                 Summ           4%         N/A       17%         2
 Fulminant Prism          Conj/Hex       8%         3d7       34%         4
 Iskenderun's Mystic Bla  Conj/Tloc      16%        2d5       34%         4
 Freezing Cloud           Conj/Ice/Air   6%         6-21      82%         5
 Simulacrum               Ice/Necr       2%         N/A       100%        6
 Polar Vortex             Ice            2%         N/A       100%        9


Dungeon Overview and Level Annotations

Branches:
Dungeon (2/15)

Altars:

Shops:
D:1 :


Innate Abilities, Weirdness & Mutations

You have large cloven feet.
You are partially covered in yellow scales. (AC +2)
A meltable shield of frost defends you. (SH +4)


Message History

You can't see any susceptible monsters within range! (Use Z to cast anyway.)
You can't see any susceptible monsters within range! (Use Z to cast anyway.)
n - a scroll labelled ZEWNEX KU KUSM You see here a +0 hand axe.
You see here a hobgoblin corpse.
Found a leather armour.
Sigmund is nearby!
Sigmund is nearby!
The magic dart hits Sigmund.
Sigmund is moderately wounded.
Sigmund shouts!
The magic dart hits Sigmund.
Sigmund is heavily wounded.
Sigmund casts a spell.
Sigmund flickers and vanishes!
Deactivating autopickup; reactivate with Ctrl-A.
You can't see any susceptible monsters within range! (Use Z to cast anyway.)
You can't see any susceptible monsters within range! (Use Z to cast anyway.)
You see here a +0 leather armour.
Something tries to affect you, but you resist.
You are confused.
You bump into the rock wall.
You feel less confused.
The magic dart hits Sigmund.
Sigmund is heavily wounded.
The magic dart hits Sigmund.
Sigmund is heavily wounded.
The magic dart hits Sigmund!
Sigmund is almost dead.
The magic dart hits Sigmund.
You kill Sigmund!
Your Spellcasting skill gained 2 levels and is now at level 4!
Your Conjurations skill increases to level 5!
You have reached level 4!
You feel clever.
Your demonic ancestry asserts itself...
Frost condenses into a shield before you.
You have reached level 5!
Things that are here:
a +0 scythe; a +0 robe; the human corpse of Sigmund Are you sure you want to abandon this character and quit the game? (Confirm with "yes".)

#### ###### ...
###.....
#####.#####.#.......
#...........# #.....
#...........#.#..##.
#..@........#.#..##.
#...........#.......
#...........#.......
#...........#..#.###
#...........#......#
#...........#.##.#.#
#...........#......#
###...........#....#.#
#.......†..)..##.##...


There were no monsters in sight!

Vanquished Creatures
  Sigmund (D:2)
  2 dart slugs (D:1)
  8 bats
  3 endoplasms (D:2)
  2 giant cockroaches (D:2)
  3 goblins
  4 hobgoblins
  A quokka (D:1)
  5 ball pythons
  4 frilled lizards
  4 kobolds
  3 rats
40 creatures vanquished.

Notes
Turn   | Place    | Note
-------+----------+-------------------------------------------
     0 | D:1      | vishdafish the Demonspawn Conjurer began the quest for the
                  | Orb.
     0 | D:1      | Reached XP level 1. HP: 13/13 MP: 3/3
   237 | D:2      | Gained mutation: You are partially covered in yellow
                  | scales. (AC +2) [demonic ancestry]
   237 | D:2      | Reached XP level 2. HP: 19/19 MP: 1/5
   649 | D:1      | Found Wumm's Book Shoppe.
   848 | D:1      | Gained mutation: You have large cloven feet. [demonic
                  | ancestry]
   848 | D:1      | Reached XP level 3. HP: 24/24 MP: 4/7
  1436 | D:2      | Noticed Sigmund
  1745 | D:2      | Killed Sigmund
  1746 | D:2      | Reached skill level 5 in Conjurations
  1746 | D:2      | Gained mutation: A meltable shield of frost defends you.
                  | (SH +4) [demonic ancestry]
  1746 | D:2      | Reached XP level 4. HP: 30/30 MP: 3/10
  1746 | D:2      | Reached XP level 5. HP: 35/35 MP: 3/11
  1748 | D:2      | Quit the game

Illustrated notes

Levels and vault maps discovered:
D:1:      mainiacjoe_arrival_reflecting_pool, layout_rooms, serial_shops,
          nicolae_diamond_shop, minmay_misc_feat_chi,
          hangedman_abyss_or_decor_stabs,
          nicolae_concentric_dashed_squares_wild, interstate_on_off
D:2:      layout_basic, chequers_jeans, uniq_sigmund, uniq_crazy_yiuf_cottage

Skill      XL: |  1  2  3 |
---------------+----------+-----
Spellcasting   | 4 |  4.0
Conjurations   | 5 |  5.5
Dodging        | |  1.7
Stealth        | |  1.7

Action                     |  1- 3 |  4- 6 || total
---------------------------+-------+-------++-------
  Melee: Unarmed           |    14 |       ||    14
         Spear             |     6 |       ||     6
         Punch             |     1 |       ||     1
         Dagger            |     2 |       ||     2
         Kick              |     1 |       ||     1
   Cast: Magic Dart        |    76 |       ||    76
    Use: Potion            |     1 |       ||     1
   Stab: Sleeping          |     1 |       ||     1
 Armour: Robe              |     7 |       ||     7
  Dodge: Dodged            |    23 |       ||    23

Table legend: (Time is in decaauts)
 A = Elapsed time spent in this place.
 B = Non-inter-level travel time spent in this place.
 C = Inter-level travel time spent in this place.
 D = Time resting spent in this place.
 E = Time spent auto-exploring this place.
 F = Levels seen in this place.
 G = Mean time per level.
                   A        B        C        D        E       F      G
               +--------+--------+--------+--------+--------+-----+--------+
         Total |   1748 |   1707 |     41 |      0 |   1415 |   2 |  874.0 |
       Dungeon |   1748 |   1707 |     41 |      0 |   1415 |   2 |  874.0 |
               +--------+--------+--------+--------+--------+-----+--------+

Top non-repeatable levels by time:
     D:1: 947 daAuts
     D:2: 801 daAuts
